 Dungeon Crawl Stone Soup version 0.28.0-53-g5a82cb258f (webtiles) character file.

Game seed: 15880040945174140277

34 spiderkeys the Ducker (level 3, -1/22 HPs)
             Began as a Deep Elf Abyssal Knight on June 11, 2022.
             Was a Follower of Lugonu.
             Succumbed to an adder's poison
             ... on level 2 of the Dungeon.
             The game lasted 00:01:19 (878 turns).

spiderkeys the Ducker (Deep Elf Abyssal Knight)      Turns: 878, Time: 00:01:20

Health: -1/22      AC:  5    Str: 10    XL:     3   Next: 14%
Magic:  7/7        EV: 11    Int: 16    God:    Lugonu [*.....]
Gold:   45         SH:  0    Dex: 15    Spells: 5/5 levels left

rFire   . . .      SeeInvis .   a - +1 spear
rCold   . . .      Faith    .   (no shield)
rNeg    . . .      Spirit   .   f - +0 ring mail
rPois   .          Reflect  .   (no helmet)
rElec   .          Harm     .   (no cloak)
rCorr   .          Rampage  .   (no gloves)
Will    .....                   (no boots)
Stlth   +.........              g - amulet of regeneration
HPRegen 0.87/turn               (no ring)
MPRegen 0.10/turn               (no ring)

@: lethally poisoned (-1 -> -9)
A: no striking features
a: Renounce Religion, Depart the Abyss


You were on level 2 of the Dungeon.
You worshipped Lugonu.
Lugonu was aware of your devotion.
You visited 1 branch of the dungeon, and saw 2 of its levels.
You visited the Abyss 1 time.

You collected 45 gold pieces.


   Skills:
 + Level 2.7 Fighting
 - Level 1.3 Polearms
 - Level 0.7 Armour
 + Level 3.0 Dodging
 + Level 1.5 Spellcasting
 + Level 2.6 Invocations


You had 5 spell levels left.
You didn't know any spells.
Your spell library was empty.

Inventory:

Hand Weapons
 a - a +1 spear (weapon)
Missiles
 d - 17 arrows
 e - 36 stones
 i - 2 curare-tipped darts {=f}
Armour
 b - a +0 leather armour
 f - a +0 ring mail (worn)
   (You found it on level 1 of the Dungeon)
Jewellery
 g - an amulet of regeneration (around neck)
   (You found it on level 2 of the Dungeon)
Scrolls
 h - a scroll of amnesia {unknown}
 j - a scroll of holy word {unknown}
 k - a scroll of enchant weapon {unknown}
 l - a scroll of identify {unknown}

Dungeon Overview and Level Annotations

Branches:
Dungeon (2/15)

Altars:

....# ###.# ####.#
#####.....#...
....# .# #.##
##.##.#... .### >
#..# #.##..... #.
##.## #.###.... ..
#...# #.# ##... #.
#...# #.# #...
#.##...######.#
#...
####.............#
#...
......r@......####
##.#
.###...S###...# .#
#...#(.#. #..#
#.⌠.#.. .⌠ ..# #..
#≈≈ ... .# ≈# ≈≈≈
###≈ ≈≈≈≈ .. ≈≈≈≈≈
..


You could see an adder and a rat.


Message History

No target in view!
No target in view!
No target in view!
You see here an adder corpse.
There is a stone staircase leading down here.
You see here an adder corpse.
Found a stone staircase leading up.
Key pressed, stopping explore.
A rat comes into view.
Found an escape hatch in the floor.
You reach to attack!
You hit the rat.
You kill the rat!
Lugonu accepts your kill.
No target in view!
No target in view!
An endoplasm comes into view.
The endoplasm quivers.
An endoplasm is nearby!
An endoplasm is nearby!
There is an escape hatch in the floor here.
You reach to attack!
You puncture the endoplasm!
You kill the endoplasm!
Lugonu accepts your kill.
No target in view!
No target in view!
No target in view!
Key pressed, stopping explore.
An adder comes into view.
The adder hisses angrily.
A rat comes into view.
Found a stone staircase leading down.
You reach to attack!
You closely miss the adder. You closely miss the adder.
The adder bites you. 😕 HP[-1]
You take 1 damage, and now have 21/22 hp.
You hit the adder. The adder bites you.
You are poisoned.
The adder poisons you!
The adder bites you but does no damage. 😕 HP[-1]
You take 1 damage, and now have 20/22 hp.
You hit the adder but do no damage.
You feel sick. The adder bites you.
You are more poisoned.
The adder poisons you! 😕 HP[-2]
You take 2 damage, and now have 18/22 hp.
You closely miss the adder.
You feel sick. The adder bites you.
You are more poisoned.
The adder poisons you! 😮 HP[-3]
You take 3 damage, and now have 15/22 hp.
You closely miss the adder.
You feel very sick. The adder bites you.
You are more poisoned.
The adder poisons you! The rat bites you but does no damage.
The adder bites you.
* * * LOW HITPOINT WARNING * * *
😨 HP[-7]
You take 7 damage, and now have 8/22 hp.
MASSIVE DAMAGE!! (PAUSE) It was a potion of heal wounds.
You feel much better.
You feel very sick. The adder bites you but does no damage.
The rat closely misses you. 😕 HP[+11]
You regained 11 hp, and now have 19/22 hp.
You hit the adder. Your punch misses the adder.
You feel very sick. The adder bites you.
You are more poisoned.
The adder poisons you! The rat bites you. 😮 HP[-4]
You take 4 damage, and now have 15/22 hp.
Okay, then.
Unknown command.
Unknown command.
You hit the adder.
You feel very sick. The adder completely misses you. The rat misses you.
The adder barely misses you. 😮 HP[-3]
You take 3 damage, and now have 12/22 hp.
You miss the adder.
You feel very sick. The adder bites you.
* * * LOW HITPOINT WARNING * * *
The rat closely misses you. 😱 HP[-7]
You take 7 damage, and now have 5/22 hp.
MASSIVE DAMAGE!! (PAUSE)
You barely miss the adder.
* * * LOW HITPOINT WARNING * * *
You feel sick. The adder bites you.
* * * LOW HITPOINT WARNING * * *
You are more poisoned.
The adder poisons you! The rat closely misses you. 😱 HP[-4]
You take 4 damage, and now have 1/22 hp.
You aren't carrying any potions.
You hit the adder.
You die...

Skill      XL: |  1  2 |
---------------+-------+-----
Spellcasting   | 1 |  1.5
Dodging        | 3 |  3.0
Fighting       | |  2.7
Polearms       | |  1.3
Armour         | |  0.7
Invocations    | |  2.6

Action                   || total
-------------------------++-------
Melee: Spear             ||    77
  Use: Potion            ||     1
 Stab: Sleeping          ||     1
Armor: Leather armour    ||     2
       Ring mail         ||    19
Dodge: Dodged            ||    33

Levels and vault maps discovered:
D:1:      enne_arrival_octagon_isle, layout_rooms, serial_corexii_hall,
          corexii_hall_statues_s, corexii_hall_statues_x
D:2:      minmay_diamond_boxcup, layout_rooms, fountainhead, uniq_jessica

Notes
Turn   | Place    | Note
-------+----------+-------------------------------------------
     0 | Abyss:1  | spiderkeys the Deep Elf Abyssal Knight began the quest for
                  | the Orb.
     0 | Abyss:1  | Reached XP level 1. HP: 13/13 MP: 4/4
     0 | Abyss:1  | magus.rc [v1.11.3]
    10 | D:1      | You pass through the gate.
    10 | D:1      | Escaped the Abyss
   108 | D:1      | Reached skill level 1 in Spellcasting
   108 | D:1      | Reached XP level 2. HP: 15/18 MP: 5/5
   742 | D:2      | Reached skill level 3 in Dodging
   742 | D:2      | Reached XP level 3. HP: 22/22 MP: 5/7
   876 | D:2      | HP: 5/22 [adder (4)]
   877 | D:2      | HP: 1/22 [adder (3)]
   878 | D:2      | Succumbed to an adder's poison

Vanquished Creatures
  An adder (D:2)
  2 bats
  5 endoplasms
  A giant cockroach (D:1)
  3 goblins (D:1)
  2 hobgoblins (D:1)
  A quokka (D:2)
  A ball python (D:1)
  A frilled lizard (D:1)
  2 kobolds (D:1)
  4 rats
23 creatures vanquished.

Table legend:
 A = Non-vault XP
 B = Vault XP
 C = Vault XP percentage of total XP
 D = Non-vault monster count
 E = Vault monster count
 F = Vault count percentage of total count
                 A         B        C        D         E       F
            +---------+---------+-------+---------+---------+-------
      Total |      49 |       0 |   0.0 |      23 |       0 |   0.0
            +---------+---------+-------+---------+---------+-------
        D:1 |      28 |       0 |   0.0 |      17 |       0 |   0.0
        D:2 |      21 |       0 |   0.0 |       6 |       0 |   0.0
            +---------+---------+-------+---------+---------+-------

Illustrated notes

Table legend:
 A = Kills in this place as a percentage of kills in entire the game.
 B = Kills by you in this place as a percentage of kills by you in the entire game.
 C = Kills by friends in this place as a percentage of kills by friends in the entire game.
 D = Other kills in this place as a percentage of other kills in the entire game.
 E = Experience gained in this place as a percentage of experience gained in the entire game.
 F = Experience gained in this place divided by the number of levels of this place that you have seen.
                   A       B       C       D       E      F
               +-------+-------+-------+-------+-------+----------------------
         Total | 100.0 | 100.0 |   N/A |   N/A | 100.0 |  16.3
       Dungeon | 100.0 | 100.0 |   N/A |   N/A | 100.0 |  24.5
               +-------+-------+-------+-------+-------+----------------------

Table legend: (Time is in decaauts)
 A = Elapsed time spent in this place.
 B = Non-inter-level travel time spent in this place.
 C = Inter-level travel time spent in this place.
 D = Time resting spent in this place.
 E = Time spent auto-exploring this place.
 F = Levels seen in this place.
 G = Mean time per level.
                   A        B        C        D        E       F      G
               +--------+--------+--------+--------+--------+-----+--------+
         Total |    881 |    852 |     29 |      0 |    667 |   3 |  293.7 |
       Dungeon |    871 |    842 |     29 |      0 |    667 |   2 |  435.5 |
         Abyss |     10 |     10 |      0 |      0 |      0 |   1 |   10.0 |
               +--------+--------+--------+--------+--------+-----+--------+

Top non-repeatable levels by time:
     D:1: 655 daAuts
     D:2: 215 daAuts
 Abyss:1: 10 daAuts
